MLB
ANAHEIM ANGELS @ TEXAS RANGERS
04/13/2004
 
TOP OF THE 1ST
Anaheim Angels batting - Pitching for Texas Rangers : RHP Brett Myers
Pitching: RHP Brett Myers
Batting: SHB Jose Reyes 0-0: Ball
1-0: Foul Ball, location: 2F
1-1: DOUBLE (Flyball, 89D, EV 98.8 MPH)
Batting: LHB Rusty Greer 0-0: Fly out, F8 (Flyball, 8LD, EV 105.0 MPH)
Batting: RHB Jack E Wilson 0-0: Ball
1-0: Ball
2-0: Reached on error, E5 (Groundball, 56S, EV 85.0 MPH)
Jose Reyes to third
Batting: LHB Ryan Howard 0-0: Called Strike
0-1: Swinging Strike
0-2: Foul Ball, location: 3F
0-2: Ball
1-2: Ball
2-2: Ball
3-2: Strikes out swinging
Batting: RHB Jayson Werth 0-0: Ball
1-0: Called Strike
1-1: DOUBLE (Line Drive, 89D, EV 111.3 MPH)
Jose Reyes scores
Jack E Wilson to third
Runner from 3rd tries for Home, SAFE, throw by RF to trailing runner, SAFE at third!
Batting: LHB Gennaro Caruso 0-0: Fly out, F5 (Popup, 5SF, EV 85.6 MPH)
Top of the 1st over - 2 runs, 2 hits, 1 error, 1 left on base; Anaheim 2 - Texas 0
BOTTOM OF THE 1ST
Texas Rangers batting - Pitching for Anaheim Angels : RHP Scott Sullivan
Pitching: RHP Scott Sullivan
Batting: RHB Jason Bartlett 0-0: Ball
1-0: Ball
2-0: Foul Ball, location: 25FF
2-1: Ball
3-1: Base on Balls
Batting: LHB Dave Nilsson 0-0: Fielders Choice at 2nd, 3-6 (Groundball, 3, EV 88.1 MPH)
Batting: LHB T.J. Holley 0-0: Called Strike
0-1: Ball
1-1: Called Strike
1-2: Fly out, F7 (Flyball, 7, EV 92.5 MPH)
Batting: SHB Bill R Mueller 0-0: Called Strike
0-1: Ball
1-1: Swinging Strike
1-2: Foul Ball, location: 3FF
1-2: Foul Ball, location: 7LDF
1-2: Reached on error, E6 (Groundball, 6, EV 86.3 MPH)
Dave Nilsson to second
Batting: RHB Marcus Thames 0-0: Swinging Strike
0-1: Ball
1-1: Fly out, F8 (Flyball, 8LXD, EV 113.1 MPH)
Bottom of the 1st over - 0 runs, 0 hits, 1 error, 2 left on base; Anaheim 2 - Texas 0
TOP OF THE 2ND
Anaheim Angels batting - Pitching for Texas Rangers : RHP Brett Myers
Batting: RHB Richard Hidalgo 0-0: Ball
1-0: Ball
2-0: Called Strike
2-1: Foul Ball, location: 9LMF
2-2: Ball
3-2: Strikes out swinging
Batting: RHB Willie Martinez 0-0: Called Strike
0-1: Ball
1-1: Foul Ball, location: 9LDF
1-2: Strikes out looking
Batting: SHB Miguel Rodriguez 0-0: Ball
1-0: Called Strike
1-1: Foul Ball, location: 23FF
1-2: Ground out 4-3 (Groundball, 4M, EV 110.0 MPH)
Top of the 2nd over - 0 runs, 0 hits, 0 errors, 0 left on base; Anaheim 2 - Texas 0
BOTTOM OF THE 2ND
Texas Rangers batting - Pitching for Anaheim Angels : RHP Scott Sullivan
Batting: LHB Alex Cardenas 0-0: Ball
1-0: Ball
2-0: Swinging Strike
2-1: Fly out, F8 (Flyball, 8LD, EV 94.4 MPH)
Batting: RHB Juan Uribe 0-0: Foul Ball, location: 7LDF
0-1: Foul Ball, location: 7LDF
0-2: Ball
1-2: Ball
2-2: Ball
3-2: Foul Ball, location: 3DF
3-2: Ground out 2-3 (Groundball, 2L, EV 67.5 MPH)
Batting: RHB Alex Rios 0-0: Ball
1-0: Foul Ball, location: 2F
1-1: Called Strike
1-2: Strikes out looking
Bottom of the 2nd over - 0 runs, 0 hits, 0 errors, 0 left on base; Anaheim 2 - Texas 0
TOP OF THE 3RD
Anaheim Angels batting - Pitching for Texas Rangers : RHP Brett Myers
Batting: SHB Jose Reyes 0-0: Ball
1-0: SINGLE (Groundball, 34D, EV 101.9 MPH)
Batting: LHB Rusty Greer 0-0: Called Strike
0-1: Foul Ball, location: 2F
0-2: Strikes out looking
Batting: RHB Jack E Wilson 0-0: Ball
1-0: Ball
2-0: Foul Ball, location: 9LDF
2-1: Fly out, F8 (Line Drive, 8LS, EV 93.1 MPH)
Batting: LHB Ryan Howard 0-0: Called Strike
0-1: Ball
Wild Pitch!
Jose Reyes to second
1-1: Called Strike
1-2: Foul Ball, location: 5F
1-2: Ball
2-2: Strikes out swinging
Top of the 3rd over - 0 runs, 1 hit, 0 errors, 1 left on base; Anaheim 2 - Texas 0
BOTTOM OF THE 3RD
Texas Rangers batting - Pitching for Anaheim Angels : RHP Scott Sullivan
Batting: RHB Tony Paredes 0-0: Called Strike
0-1: Called Strike
0-2: Ball
1-2: Ball
2-2: Fly out, F7 (Flyball, 7, EV 90.0 MPH)
Batting: RHB Jason Bartlett 0-0: Called Strike
0-1: Fly out, F7 (Line Drive, 7D, EV 104.4 MPH)
Batting: LHB Dave Nilsson 0-0: Foul Ball, location: 3F
0-1: SINGLE (Groundball, 4MD, EV 108.8 MPH)
Batting: LHB T.J. Holley 0-0: Swinging Strike
0-1: Single, Error in OF, E7, batter to second base (Line Drive, 78M, EV 88.8 MPH)
Dave Nilsson to third
Batting: SHB Bill R Mueller 0-0: Ball
1-0: Foul Ball, location: 2F
1-1: Swinging Strike
1-2: Hit by Pitch
Batting: RHB Marcus Thames 0-0: Ball
1-0: Swinging Strike
1-1: Ball
2-1: Foul Ball, location: 2F
2-2: Foul Ball, location: 7LDF
2-2: Foul Ball, location: 9LDF
2-2: Foul Ball, location: 2LF
2-2: Fly out, F9 (Line Drive, 9, EV 106.9 MPH)
Bottom of the 3rd over - 0 runs, 2 hits, 1 error, 3 left on base; Anaheim 2 - Texas 0
TOP OF THE 4TH
Anaheim Angels batting - Pitching for Texas Rangers : RHP Brett Myers
Batting: RHB Jayson Werth 0-0: Ball
1-0: Ball
2-0: Called Strike
2-1: Foul Ball, location: 2LF
2-2: Ball
3-2: Strikes out swinging
Batting: LHB Gennaro Caruso 0-0: SINGLE (Line Drive, 7S, EV 106.9 MPH)
Batting: RHB Richard Hidalgo 0-0: Called Strike
0-1: Foul Ball, location: 3DF
0-2: Foul Ball, location: 2F
0-2: Foul Ball, location: 9LMF
0-2: 2-RUN HOME RUN (Flyball, 9D, EV 93.8 MPH), Distance : 356 ft
Batting: RHB Willie Martinez 0-0: Foul Ball, location: 9LSF
0-1: Swinging Strike
0-2: Fly out, F3 (Popup, 34, EV 63.1 MPH)
Batting: SHB Miguel Rodriguez 0-0: Called Strike
0-1: Called Strike
0-2: Ball
1-2: Foul Ball, location: 3F
1-2: Ground out 4-3 (Groundball, 4, EV 110.0 MPH)
Top of the 4th over - 2 runs, 2 hits, 0 errors, 0 left on base; Anaheim 4 - Texas 0
BOTTOM OF THE 4TH
Texas Rangers batting - Pitching for Anaheim Angels : RHP Scott Sullivan
Batting: LHB Alex Cardenas 0-0: Ball
1-0: Fly out, F7 (Line Drive, 7S, EV 95.6 MPH)
Batting: RHB Juan Uribe 0-0: Ball
1-0: Ball
2-0: Called Strike
2-1: Ball
3-1: Ground out 3-1 (Groundball, 34, EV 86.3 MPH)
Batting: RHB Alex Rios 0-0: SINGLE (Line Drive, 34D, EV 103.1 MPH)
Batting: RHB Tony Paredes 0-0: Called Strike
0-1: Foul Ball, location: 2F
0-2: SINGLE (Groundball, 4MD, EV 108.8 MPH)
Alex Rios to second
Runner from 2nd tries for 3rd, SAFE, throw by CF made at trailing runner, OUT! 8-6
Bottom of the 4th over - 0 runs, 2 hits, 0 errors, 1 left on base; Anaheim 4 - Texas 0
TOP OF THE 5TH
Anaheim Angels batting - Pitching for Texas Rangers : RHP Brett Myers
Batting: SHB Jose Reyes 0-0: Called Strike
0-1: Fly out, F7 (Line Drive, 7, EV 96.9 MPH)
Batting: LHB Rusty Greer 0-0: Ball
1-0: Swinging Strike
1-1: Ball
2-1: Swinging Strike
2-2: Ball
3-2: Base on Balls
Batting: RHB Jack E Wilson 0-0: Called Strike
0-1: Fly out, F8 (Flyball, 8RS, EV 92.5 MPH)
Batting: LHB Ryan Howard 0-0: Ball
1-0: Ball
2-0: Ball
3-0: Called Strike
3-1: Called Strike
3-2: Fly out, F5 (Popup, 5SF, EV 71.9 MPH)
Top of the 5th over - 0 runs, 0 hits, 0 errors, 1 left on base; Anaheim 4 - Texas 0
BOTTOM OF THE 5TH
Texas Rangers batting - Pitching for Anaheim Angels : RHP Scott Sullivan
Batting: RHB Jason Bartlett 0-0: Ball
1-0: Foul Ball, location: 2F
1-1: Ball
2-1: Ball
3-1: Ground out 4-3 (Groundball, 4, EV 90.6 MPH)
Batting: LHB Dave Nilsson 0-0: Ball
1-0: Ball
2-0: Ball
3-0: Base on Balls
Batting: LHB T.J. Holley 0-0: Foul Ball, location: 7LDF
0-1: Ball
1-1: Called Strike
1-2: Ball
2-2: Fly out, F8 (Flyball, 78D, EV 105.6 MPH)
Batting: SHB Bill R Mueller 0-0: Ball
1-0: Fielders Choice at 2nd, U4 (Groundball, 4M, EV 103.1 MPH)
Bottom of the 5th over - 0 runs, 0 hits, 0 errors, 1 left on base; Anaheim 4 - Texas 0
TOP OF THE 6TH
Anaheim Angels batting - Pitching for Texas Rangers : RHP Brett Myers
Batting: RHB Jayson Werth 0-0: Called Strike
0-1: Ball
1-1: Foul Ball, location: 9LMF
1-2: SINGLE (Line Drive, 8RS, EV 102.5 MPH)
Batting: LHB Gennaro Caruso 0-0: Ball
1-0: Ball
2-0: Grounds into double play, 4-6-3 (Groundball, 34, EV 103.8 MPH)
Batting: RHB Richard Hidalgo 0-0: Foul Ball, location: 3SF
0-1: Swinging Strike
0-2: Ball
1-2: Strikes out swinging
Top of the 6th over - 0 runs, 1 hit, 0 errors, 0 left on base; Anaheim 4 - Texas 0
BOTTOM OF THE 6TH
Texas Rangers batting - Pitching for Anaheim Angels : RHP Scott Sullivan
Batting: RHB Marcus Thames 0-0: Called Strike
0-1: Foul Ball, location: 2F
0-2: Strikes out looking
Batting: LHB Alex Cardenas 0-0: SINGLE (Line Drive, 9S, EV 110.6 MPH)
Batting: RHB Juan Uribe 0-0: SINGLE (Flyball, 4D, EV 83.1 MPH)
Alex Cardenas to second
Batting: RHB Alex Rios 0-0: Called Strike
0-1: Ball
1-1: Ball
2-1: Fly out, F4 (Popup, 4MD, EV 53.1 MPH)
Batting: RHB Tony Paredes 0-0: Called Strike
0-1: Fielders Choice at 2nd, 6-4 (Groundball, 6, EV 86.3 MPH)
Bottom of the 6th over - 0 runs, 2 hits, 0 errors, 2 left on base; Anaheim 4 - Texas 0
TOP OF THE 7TH
Anaheim Angels batting - Pitching for Texas Rangers : RHP Brett Myers
Batting: RHB Willie Martinez 0-0: Ground out 3-1 (Groundball, 34, EV 107.5 MPH)
Batting: SHB Miguel Rodriguez 0-0: Called Strike
0-1: SOLO HOME RUN (Line Drive, 9D, EV 98.8 MPH), Distance : 369 ft
Batting: SHB Jose Reyes 0-0: DOUBLE (Line Drive, 89M, EV 91.3 MPH)
Batting: LHB Rusty Greer 0-0: SINGLE (Line Drive, 9LM, EV 98.8 MPH)
Jose Reyes to third
Runner from 3rd tries for Home, SAFE, throw by RF to home
Rusty Greer to second
Batting: RHB Jack E Wilson 0-0: Ball
1-0: Ball
2-0: Fly out, F7 (Flyball, 78S, EV 90.0 MPH)
Batting: LHB Ryan Howard 0-0: Swinging Strike
0-1: Ball
1-1: Foul Ball, location: 9LSF
1-2: Strikes out swinging
Top of the 7th over - 2 runs, 3 hits, 0 errors, 1 left on base; Anaheim 6 - Texas 0
BOTTOM OF THE 7TH
Texas Rangers batting - Pitching for Anaheim Angels : RHP Scott Sullivan
Batting: RHB Jason Bartlett 0-0: Foul Ball, location: 2F
0-1: Foul Ball, location: 7LSF
0-2: Ball
1-2: Foul Ball, location: 2F
1-2: Foul Ball, location: 23FF
1-2: Ball
2-2: Ground out 3-1 (Groundball, 13, EV 75.0 MPH)
Batting: LHB Dave Nilsson 0-0: Called Strike
0-1: Ball
1-1: Called Strike
1-2: Foul Ball, location: 25F
1-2: Ball
2-2: Strikes out looking
Batting: LHB T.J. Holley 0-0: Fly out, F6 (Popup, 6, EV 53.1 MPH)
Bottom of the 7th over - 0 runs, 0 hits, 0 errors, 0 left on base; Anaheim 6 - Texas 0
TOP OF THE 8TH
Anaheim Angels batting - Pitching for Texas Rangers : RHP Brett Myers
Batting: RHB Jayson Werth 0-0: Ball
1-0: Swinging Strike
1-1: Swinging Strike
1-2: Foul Ball, location: 9LMF
1-2: Foul Ball, location: 9LDF
1-2: SINGLE (Flyball, 4D, EV 90.6 MPH)
Batting: LHB Gennaro Caruso 0-0: Ball
1-0: Called Strike
1-1: Ball
2-1: Swinging Strike
2-2: Foul Ball, location: 25F
2-2: Ball
3-2: Base on Balls
Jayson Werth to second
Batting: RHB Richard Hidalgo 0-0: Swinging Strike
0-1: Fly out, F8 (Line Drive, 8RM, EV 105.0 MPH)
Batting: RHB Willie Martinez 0-0: Grounds into double play, 6-4-3 (Groundball, 6, EV 101.9 MPH)
Top of the 8th over - 0 runs, 1 hit, 0 errors, 1 left on base; Anaheim 6 - Texas 0
BOTTOM OF THE 8TH
Texas Rangers batting - Pitching for Anaheim Angels : RHP Scott Sullivan
Batting: SHB Bill R Mueller 0-0: Ball
1-0: Ground out U3 (Groundball, 34, EV 81.9 MPH)
Batting: RHB Marcus Thames 0-0: Fly out, F9 (Flyball, 89S, EV 83.1 MPH)
Batting: LHB Alex Cardenas 0-0: Ball
1-0: Called Strike
1-1: DOUBLE (Line Drive, 9LD, EV 104.4 MPH)
Batting: RHB Juan Uribe 0-0: Ball
1-0: Ground out 6-3 (Groundball, 6, EV 89.4 MPH)
Bottom of the 8th over - 0 runs, 1 hit, 0 errors, 1 left on base; Anaheim 6 - Texas 0
TOP OF THE 9TH
Anaheim Angels batting - Pitching for Texas Rangers : RHP Brett Myers
Batting: SHB Miguel Rodriguez 0-0: Called Strike
0-1: Fly out, F5 (Popup, 5F, EV 63.1 MPH)
Batting: SHB Jose Reyes 0-0: Ball
1-0: Ball
2-0: Called Strike
2-1: Swinging Strike
2-2: Foul Ball, location: 7LDF
2-2: Foul Ball, location: 25F
2-2: Ball
3-2: Foul Ball, location: 2F
3-2: Base on Balls
Batting: LHB Rusty Greer 0-0: Called Strike
0-1: Ball
1-1: Swinging Strike
1-2: Ball
2-2: Ball
3-2: Foul Ball, location: 7LMF
3-2: Foul Ball, location: 25F
3-2: Base on Balls
Jose Reyes to second
Pitching: RHP Jaime Galvan
Batting: RHB Jack E Wilson 0-0: Ball
1-0: Ball
2-0: Foul Ball, location: 2F
2-1: Foul Ball, location: 2F
2-2: Strikes out swinging
Batting: LHB Ryan Howard 0-0: Foul Ball, location: 7LMF
0-1: Foul Ball, location: 2F
0-2: Fielders Choice at 3rd, U5 (Groundball, 5, EV 91.3 MPH)
Top of the 9th over - 0 runs, 0 hits, 0 errors, 1 left on base; Anaheim 6 - Texas 0
BOTTOM OF THE 9TH
Texas Rangers batting - Pitching for Anaheim Angels : RHP Scott Sullivan
Pitching: LHP Steve Avery
Batting: RHB Alex Rios 0-0: Called Strike
0-1: Called Strike
0-2: Strikes out swinging
Batting: RHB Tony Paredes 0-0: Ball
1-0: Ball
2-0: Ball
3-0: Base on Balls
Batting: RHB Jason Bartlett 0-0: Foul Ball, location: 9LMFF
0-1: Swinging Strike
0-2: Ball
1-2: Foul Ball, location: 9LMF
1-2: Ball
2-2: Fielders Choice at 2nd, 4-6 (Groundball, 4, EV 86.3 MPH)
Batting: LHB Dave Nilsson 0-0: Foul Ball, location: 2F
0-1: Called Strike
0-2: SINGLE (Groundball, 34D, EV 101.3 MPH)
Jason Bartlett to second
Batting: LHB T.J. Holley 0-0: Called Strike
0-1: Swinging Strike
0-2: Fly out, F6 (Popup, 6MS, EV 75.0 MPH)
Bottom of the 9th over - 0 runs, 1 hit, 0 errors, 2 left on base; Anaheim 6 - Texas 0
Tuesday, November 5th , 2024 - OOTP Baseball 25.9 Build 91